 Dungeon Crawl Stone Soup version 0.30-a0-618-gd6c86c23d0 (webtiles) character file.

Game seed: 1958428175753077328

16 Sabo the Sneak (level 2, -1/22 HPs)
             Began as a Naga Fire Elementalist on Jan 10, 2023.
             Slain by a jackal (2 damage)
             ... on level 1 of the Dungeon.
             The game lasted 00:03:23 (722 turns).

Sabo the Sneak (Naga Fire Elementalist)              Turns: 722, Time: 00:03:24

Health: -1/22      AC:  1    Str: 10    XL:     2   Next: 58%
Magic:  2/5        EV: 10    Int: 15    God:
Gold:   7          SH:  0    Dex: 11    Spells: 4/5 levels left

rFire   . . .      SeeInvis +    d - +0 dagger
rCold   . . .      Faith    .    (no shield)
rNeg    . . .      Spirit   .    a - +0 robe
rPois   +          Reflect  .    (no helmet)
rElec   .          Harm     .    (no cloak)
rCorr   .          Rampage  .    (no gloves)
Will    .....                    (no barding)
Stlth   ++                       (no amulet)
HPRegen 0.23/turn                (no ring)
MPRegen 0.09/turn                (no ring)

@: very slow
A: AC +0, large, see invisible, deformed body, poison resistance, slowness 2,
spit poison 1, naga tail 1
a: Spit Poison


You were on level 1 of the Dungeon.
You visited 1 branch of the dungeon, and saw 1 of its levels.

You collected 7 gold pieces.

Inventory:

Hand Weapons
 d - a +0 dagger (weapon)
Armour
 a - a +0 robe (worn)
Scrolls
 c - a scroll of amnesia {unknown}
 e - a scroll of torment {unknown}
Potions
 b - a potion of magic


   Skills:
 + Level 0.1 Short Blades
 + Level 1.8 Dodging
 + Level 3.5 Stealth
 + Level 2.2 Spellcasting
 + Level 1.0 Conjurations
 + Level 3.2 Fire Magic


You had 4 spell levels left.
You knew the following spells:

 Your Spells              Type           Power      Damage    Failure   Level
a - Foxfire               Conj/Fire      32%        2x1d5     9%          1

Your spell library contained the following spells:

 Spells                   Type           Power      Damage    Failure   Level
 Scorch                   Fire           22%        2d6       9%          2
 Inner Flame              Hex/Fire       6%         N/A       32%         3
 Kindle Blastsparks       Fire/Tloc/Air  8%         2d10      38%         3
 Flame Wave               Conj/Fire      8%         2d5       65%         4


Dungeon Overview and Level Annotations

Branches:
Dungeon (1/15)

Altars:


Innate Abilities, Weirdness & Mutations

Your serpentine skin is tough. (AC +0)
You have supernaturally acute eyesight. (SInv)
Armour fits poorly on your strangely shaped body.
Your system is resistant to poisons. (rPois)
You cover ground very slowly.
You can spit poison.
You have a snake-like lower body.


Message History

Casting: Foxfire (safe; 10% risk of failure)
Confirm with . or Enter, or press ? or * to list all spells.
You conjure some foxfire!
The foxfire hits the bat.
You kill the bat!
A jackal comes into view.
The foxfire hits the jackal but does no damage.
Casting: Foxfire (safe; 9% risk of failure)
Confirm with . or Enter, or press ? or * to list all spells.
You conjure some foxfire!
The foxfire hits the jackal.
The jackal is moderately wounded.
The foxfire hits the jackal but does no damage.
The jackal bites you. x3
Casting: Foxfire (safe; 9% risk of failure)
Confirm with . or Enter, or press ? or * to list all spells.
You conjure some foxfire!
The jackal barely misses you.
The foxfire hits the jackal but does no damage.
The jackal bites you.
You barely miss the jackal.
The foxfire hits the jackal but does no damage.
The jackal is moderately wounded.
The jackal barely misses you. x2; The jackal bites you. x2
You hit the jackal but do no damage. The jackal barely misses you.
The jackal closely misses you. The jackal bites you.
You closely miss the jackal. The jackal bites you. The jackal misses you.
The jackal bites you but does no damage.
The jackal barely misses you. The jackal bites you.
You hit the jackal but do no damage. The jackal completely misses you.
The jackal barely misses you. x2; The jackal completely misses you.
You hit the jackal.
The jackal is severely wounded.
The jackal bites you.
* * * LOW HITPOINT WARNING * * *
The jackal misses you. The jackal bites you.
* * * LOW HITPOINT WARNING * * *
The jackal barely misses you. x2
You hit the jackal but do no damage.
The jackal is severely wounded.
The jackal bites you.
You die...

### #.. #.# ..# #.#
#. #.# #.####### #.
#.# #....... ..##.#
#.# #.#..# +.##.# #
#.# #hh.# #.##.#
#.#.# #@h#.# #.##.#
#.#.#####.#..#
#.##.##
#........†#..#
#.##...
###.###...#..#
#....†# #.#
##..#..#######......
#†#
##.#.#.....#...##.#
#.#
#.##.....#..#.##.#
#.#
#.#######..##.##.#
#.#
#.........###.##.#


You could see 3 jackals.

Vanquished Creatures
  A dart slug (D:1)
  2 ball pythons (D:1)
  A giant cockroach (D:1)
  A goblin (D:1)
  A hobgoblin (D:1)
  A jackal (D:1)
  A quokka (D:1)
  2 bats (D:1)
  2 frilled lizards (D:1)
  A rat (D:1)
13 creatures vanquished.

Vanquished Creatures (others)
  22 foxfires (D:1)
22 creatures vanquished.

Grand Total: 35 creatures vanquished

Notes
Turn   | Place    | Note
-------+----------+-------------------------------------------
     0 | D:1      | Sabo the Naga Fire Elementalist began the quest for the
                  | Orb.
     0 | D:1      | Reached XP level 1. HP: 15/15 MP: 3/3
   443 | D:1      | Reached XP level 2. HP: 12/22 MP: 5/5
   721 | D:1      | HP: 1/22 [jackal (3)]
   722 | D:1      | Slain by a jackal

Illustrated notes

Levels and vault maps discovered:
D:1:      nicolae_arrival_somewhat_less_tricky_arrival, layout_loops_ring,
          minmay_3d_cube

Action                   || total
-------------------------++-------
Melee: Unarmed           ||     7
       Punch             ||     1
       Dagger            ||    29
 Cast: Foxfire           ||    14
Armor: Robe              ||     4
Dodge: Dodged            ||    31

Table legend: (Time is in decaauts)
 A = Elapsed time spent in this place.
 B = Non-inter-level travel time spent in this place.
 C = Inter-level travel time spent in this place.
 D = Time resting spent in this place.
 E = Time spent auto-exploring this place.
 F = Levels seen in this place.
 G = Mean time per level.
                   A        B        C        D        E       F      G
               +--------+--------+--------+--------+--------+-----+--------+
         Total |    868 |    868 |      0 |    289 |      0 |   1 |  868.0 |
       Dungeon |    868 |    868 |      0 |    289 |      0 |   1 |  868.0 |
               +--------+--------+--------+--------+--------+-----+--------+

Top non-repeatable levels by time:
     D:1: 868 daAuts
